 Dungeon Crawl Stone Soup version 0.30.0-20-g3615ddf2f0 (webtiles) character file.

Game seed: 2026327288108759532

6337 qw the Cleaver (level 10, -1/64 HPs)
             Began as a Gargoyle Fighter on June 1, 2023.
             Was a Believer of Okawaru.
             Shot with a sling bullet by Joseph (14 damage)
             ... on level 9 of the Dungeon.
             The game lasted 00:03:56 (7436 turns).

qw the Cleaver (Gargoyle Fighter)                   Turns: 7436, Time: 00:03:57

Health: -1/64      AC: 27    Str: 27    XL:     10   Next: 96%
Magic:  13/13      EV: 11    Int: 14    God:    Okawaru [**....]
Gold:   906        SH: 12    Dex:  9    Spells: 9/9 levels left

rFire   . . .        Y - +1 war axe (heavy)
rCold   x . .        q - +0 kite shield
rNeg    + . .        f - +0 plate armour
rPois   inf          (no helmet)
rElec   +            e - +0 cloak {Stlth+}
rCorr   .            (no gloves)
SInv    .            (no boots)
Will    .....        (no amulet) Stlth
                     k - ring of Penif {Fly rC- AC+4 Str+3 Int+5}
HPRegen 0.30/turn    l - +5 ring of evasion
MPRegen 0.13/turn

%: no passive effects
@: heroic, weakened, grasped by roots, flying, constricted
A: sickness immunity, AC +7, negative energy resistance 1, electricity
resistance, torment resistance 1, petrification resistance
a: Renounce Religion, Heroism


You were on level 9 of the Dungeon.
You worshipped Okawaru.
Okawaru was pleased with you.
You visited 2 branches of the dungeon, and saw 10 of its levels.

You collected 906 gold pieces.


Innate Abilities, Weirdness & Mutations

You are immune to sickness and miasma.
Your stone body is resilient. (AC +7)
You are immune to poison.
You resist negative energy. (rN+)
You are resistant to electric shocks. (rElec)
You are resistant to unholy torment.
You are immune to petrification.


   Skills:
 - Level 8.0(13.0) Fighting
 + Level 10.1(15.1) Axes
 - Level 1.7(6.7) Throwing
 - Level 6.2(11.2) Armour
 - Level 1.0(6.0) Dodging
 - Level 9.0(14.0) Shields
 - Level 4.1 Invocations


You had 9 spell levels left.
You didn't know any spells.
Your spell library was empty.

Inventory:

Hand Weapons
 w - a -1 demon whip of venom
 Y - a +1 heavy war axe (weapon)
Missiles
 n - 9 boomerangs (quivered)
Armour
 e - a +0 cloak of stealth (worn)
 f - a +0 plate armour (worn)
 q - a +0 kite shield (worn)
Jewellery
 b - a ring of willpower
 k - the ring of Penif (left hand) {Fly rC- AC+4 Str+3 Int+5}
   (You acquired it on level 5 of the Dungeon)

   [ring of protection]

   AC:        It affects your AC (+4).
   Str:       It affects your strength (+3).
   Int:       It affects your intelligence (+5).
   rC:        It makes you vulnerable to cold.
   Fly:       It grants you flight.
 l - a +5 ring of evasion (right hand)
 r - a ring of ice
Scrolls
 a - 5 scrolls of teleportation
 h - a scroll of identify
Potions
 c - 2 potions of curing
 d - 2 potions of might
 j - 5 potions of attraction
 m - a potion of degeneration {unknown}
 o - 2 potions of lignification
 p - a potion of haste {unknown}
 t - a potion of resistance {unknown}
 u - a potion of berserk rage {unknown}
 v - a potion of invisibility {unknown}

Dungeon Overview and Level Annotations

Branches:
Dungeon (9/15)             Temple (1/1) D:6
   Lair: D:8-11         Orc: D:9-12

Altars:
Cheibriados
Dithmenos
Elyvilon
Fedhas
Gozag
Kikubaaqudgha
Makhleb
Nemelex Xobeh
Okawaru
Qazlal
Ru
Trog
Uskayaw
Vehumet
Xom
Yredelemnul
Zin
The Shining One
Lugonu

Annotations:
D:9 Joseph


Message History

You hit the skeletal warrior.
The skeletal warrior is moderately damaged.
You block the skeletal warrior's attack.
You hit the skeletal warrior but do no damage.
The skeletal warrior is moderately damaged.
The skeletal warrior hits you with a +0 scimitar!
You closely miss the skeletal warrior.
The skeletal warrior is moderately damaged.
Your attacks no longer feel as feeble.
You block the skeletal warrior's attack.
You closely miss the skeletal warrior.
The skeletal warrior is moderately damaged.
You block the skeletal warrior's attack.
You closely miss the skeletal warrior.
The skeletal warrior is moderately damaged.
The skeletal warrior hits you with a +0 scimitar!!
7434 ||| READING 6 scrolls of teleportation.
As you read the scroll of teleportation, it crumbles to dust.
You feel strangely unstable.
You block the skeletal warrior's attack.
7435 ||| DRINKING potion of heal wounds.
You feel much better.
The gnoll bouda gazes fiercely through you!
You feel your attacks grow feeble.
The skeletal warrior hits you with a +0 scimitar!
You slash the skeletal warrior!
The skeletal warrior is heavily damaged.
Your surroundings suddenly seem different.
Joseph and an orc wizard come into view.
Joseph is wielding a +0 quarterstaff and carrying a wand of roots (6).
Found 8 stones, a scroll of identify and a robe.
Found a stormy altar of Qazlal.
Found an escape hatch in the floor.
Found a stone staircase leading up.
Joseph shouts!
The orc wizard shouts!
Joseph zaps a wand.
The roots erupt in riotous growth!
The grasping roots grab you! The grasping roots constrict you!
Joseph unwields a +0 quarterstaff.
Joseph wields a +0 sling.
Joseph shoots a sling bullet.
The sling bullet hits you!
You die...

########
#...?..#
###......###
.....(...o.
##......###
#..@....@..
#..........
#...~.~.~~~
#..~#¤.+~¤~
...¤~~~¤~¤¤
+..~~#~.>¤¤.
#..~~# 8_¤
<..¤[# ~¤¤#


You could see Joseph and an orc wizard.

Vanquished Creatures
  Amaemon (D:8)
  An orange demon (D:8)
  An unseen horror zombie (D:9)
  2 trolls (D:6)
  A hornet (D:8)
  Prince Ribbit (D:8)
  A water moccasin (D:5)
  4 orc warriors
  3 sky beasts
  An ice beast (D:7)
  2 ogres
  6 centaurs
  A kobold brigand (D:6)
  3 phantoms
  Blork the orc (D:4)
  5 bullfrogs
  2 gnoll sergeants (D:9)
  4 scorpions
  5 wights (D:9)
  12 killer bees
  A howler monkey (D:6)
  A centaur zombie (D:9)
  2 jellies (D:6)
  3 orc priests
  4 hounds
  A gnoll bouda (D:7)
  2 sleepcaps
  4 iguanas
  9 orc wizards
  11 gnolls
  11 adders
  2 shadow imps
  2 white imps
  2 ufetubi (D:5)
  2 worms (D:2)
  A dart slug (D:3)
  38 orcs
  5 endoplasms
  5 giant cockroaches
  9 hobgoblins
  3 jackals (D:4)
  9 kobolds
  4 quokkas
  A ball python (D:4)
  2 bats
  2 frilled lizards
  4 goblins
  5 rats
202 creatures vanquished.

Notes
Turn   | Place    | Note
-------+----------+-------------------------------------------
     0 | D:1      | qw the Gargoyle Fighter began the quest for the Orb.
     0 | D:1      | Reached XP level 1. HP: 14/14 MP: 1/1
     0 | D:1      | 0 ||| qw: Version: 0.2-a-102-gdf20003
     0 | D:1      | 0 ||| qw: Game counter: 680
     0 | D:1      | 0 ||| qw: Always use a shield: true
     0 | D:1      | 0 ||| qw: God list: Okawaru
     0 | D:1      | 0 ||| qw: Allow faded altars: false
     0 | D:1      | 0 ||| qw: Do Orc after D:15 true
     0 | D:1      | 0 ||| qw: Do second Lair branch before Depths: true
     0 | D:1      | 0 ||| qw: Lair rune preference: random
     0 | D:1      | 0 ||| qw: Plans: Normal, Zot:1-4, Slime:5, God:TSO, Crypt,
                  | Tomb, Pan, Hells, Abyss, Win
     0 | D:1      | 0 ||| PLANNING D:1-11
    35 | D:1      | Reached skill level 2 in Axes
   593 | D:1      | Reached XP level 2. HP: 19/19 MP: 2/2
   666 | D:1      | Found a faded altar of an unknown god.
   915 | D:1      | 915 ||| UPGRADING to +5 ring of evasion.
   916 | D:1      | 916 ||| UPGRADING to ring of willpower.
   917 | D:1      | 917 ||| READING 2 scrolls labelled ZUDULINOYSM.
   921 | D:1      | 921 ||| READING scroll labelled JUIXUXEULY.
   922 | D:1      | 922 ||| READING 2 scrolls labelled TATRITWUMIA.
   922 | D:1      | Identified 2 scrolls of acquirement
   922 | D:1      | 922 ||| ACQUIRING +0 cloak of stealth
   922 | D:1      | Acquired a +0 cloak of stealth
   924 | D:1      | 924 ||| UPGRADING to +0 cloak of stealth.
   929 | D:1      | 929 ||| READING scroll of acquirement.
   929 | D:1      | 929 ||| ACQUIRING 561 gold pieces
   929 | D:1      | Acquired 561 gold pieces
   931 | D:1      | 931 ||| READING scroll labelled AVEUDGH LAOMM.
  1002 | D:2      | Reached skill level 3 in Axes
  1002 | D:2      | Reached XP level 3. HP: 23/23 MP: 3/3
  1132 | D:2      | 1132 ||| DROPPING +0 club.
  1175 | D:2      | 1175 ||| Stepping ~*~*~tactically~*~*~ (hiding).
  1177 | D:2      | 1177 ||| Stepping ~*~*~tactically~*~*~ (hiding).
  1217 | D:2      | 1217 ||| DROPPING +0 whip.
  1324 | D:2      | 1324 ||| Stepping ~*~*~tactically~*~*~ (stealth).
  1592 | D:2      | Reached XP level 4. HP: 28/28 MP: 4/4
  1675 | D:2      | 1675 ||| UPGRADING to +0 plate armour.
  1685 | D:2      | 1685 ||| DROPPING +0 scale mail.
  1686 | D:2      | 1686 ||| READING scroll labelled BEAPYTRUPLO.
  1687 | D:2      | 1687 ||| DRINKING 2 viscous brown potions.
  1692 | D:2      | 1692 ||| DROPPING potion of ambrosia.
  1745 | D:3      | 1745 ||| Stepping ~*~*~tactically~*~*~ (hiding).
  1910 | D:3      | 1910 ||| Stepping ~*~*~tactically~*~*~ (stealth).
  1919 | D:3      | Reached skill level 4 in Axes
  1942 | D:3      | Reached XP level 5. HP: 25/32 MP: 5/5
  2494 | D:4      | Noticed Blork the orc
  2495 | D:4      | 2495 ||| Stepping ~*~*~tactically~*~*~ (hiding).
  2510 | D:4      | Killed Blork the orc
  2511 | D:4      | Reached skill level 5 in Axes
  2590 | D:4      | 2590 ||| Stepping ~*~*~tactically~*~*~ (stealth).
  2600 | D:4      | Reached XP level 6. HP: 38/38 MP: 6/6
  2617 | D:4      | 2617 ||| Stepping ~*~*~tactically~*~*~ (hiding).
  2618 | D:4      | 2618 ||| Stepping ~*~*~tactically~*~*~ (hiding).
  2619 | D:4      | 2619 ||| Stepping ~*~*~tactically~*~*~ (hiding).
  2620 | D:4      | 2620 ||| Stepping ~*~*~tactically~*~*~ (hiding).
  2621 | D:4      | 2621 ||| Stepping ~*~*~tactically~*~*~ (hiding).
  2641 | D:4      | 2641 ||| Stepping ~*~*~tactically~*~*~ (stealth).
  2767 | D:4      | 2767 ||| Stepping ~*~*~tactically~*~*~ (hiding).
  2837 | D:4      | Reached skill level 6 in Axes
  2869 | D:4      | 2869 ||| DROPPING +1 whip of freezing.
  2901 | D:4      | 2901 ||| Stepping ~*~*~tactically~*~*~ (stealth).
  3164 | D:4      | Found an ancient bone altar of Kikubaaqudgha.
  3390 | D:4      | Found a blossoming altar of Fedhas.
  3575 | D:4      | 3575 ||| UPGRADING to amulet of guardian spirit.
  3580 | D:4      | 3580 ||| DROPPING amulet of magic regeneration.
  3581 | D:4      | 3581 ||| READING scroll labelled DIGEZX HISTRAO.
  3582 | D:4      | 3582 ||| READING scroll labelled ILETRE WEOJIJI.
  3631 | D:4      | 3631 ||| READING scroll labelled ACERPH MAEXT.
  3658 | D:4      | 3658 ||| DRINKING 2 green potions.
  3659 | D:4      | 3659 ||| READING 3 scrolls of identify.
  3659 | D:4      | 3659 ||| IDENTIFYING fuming blue potion
  3660 | D:4      | 3660 ||| READING 2 scrolls of identify.
  3660 | D:4      | 3660 ||| IDENTIFYING white potion
  3661 | D:4      | 3661 ||| DROPPING potion of flight.
  3694 | D:5      | Entered Level 5 of the Dungeon
  3747 | D:5      | Reached XP level 7. HP: 30/43 MP: 4/7
  3773 | D:5      | 3773 ||| FLEEEEING.
  3774 | D:5      | 3774 ||| FLEEEEING.
  3775 | D:5      | 3775 ||| FLEEEEING.
  3777 | D:5      | 3777 ||| FLEEEEING.
  3778 | D:5      | 3778 ||| FLEEEEING.
  3807 | D:5      | 3807 ||| Stepping ~*~*~tactically~*~*~ (stealth).
  3907 | D:5      | HP: 8/43 [ogre/+0 giant spiked club (23)]
  3908 | D:5      | 3908 ||| READING 2 scrolls of teleportation.
  3909 | D:5      | 3909 ||| DRINKING potion of heal wounds.
  3990 | D:5      | Found an opulent altar of Gozag.
  4062 | D:5      | Reached skill level 7 in Axes
  4103 | D:5      | Reached XP level 8. HP: 38/49 MP: 5/8
  4200 | D:5      | 4200 ||| READING scroll of acquirement.
  4200 | D:5      | 4200 ||| ACQUIRING ring of Penif {Fly rC- AC+4 Str+3 Int+5}
  4200 | D:5      | Acquired the ring of Penif {Fly rC- AC+4 Str+3 Int+5}
  4202 | D:5      | 4202 ||| UPGRADING to ring of Penif {Fly rC- AC+4 Str+3
                  | Int+5}.
  4235 | D:5      | Reached skill level 1 in Dodging
  4536 | D:5      | 4536 ||| DROPPING +0 flail.
  4592 | D:5      | 4592 ||| UPGRADING to +0 kite shield.
  4602 | D:5      | 4602 ||| DROPPING +0 buckler.
  4603 | D:5      | 4603 ||| UPGRADING to +5 ring of evasion.
  4605 | D:5      | 4605 ||| READING scroll labelled ACRARA MUMP.
  4606 | D:5      | 4606 ||| READING scroll labelled KIBLYKAUWO.
  4725 | D:6      | Noticed a troll
  4727 | D:6      | Noticed a troll
  4733 | D:6      | Killed a troll
  4734 | D:6      | 4734 ||| FLEEEEING.
  4735 | D:6      | 4735 ||| FLEEEEING.
  4736 | D:6      | 4736 ||| FLEEEEING.
  4738 | D:6      | 4738 ||| FLEEEEING.
  4739 | D:6      | 4739 ||| FLEEEEING.
  4740 | D:6      | 4740 ||| FLEEEEING.
  4741 | D:6      | 4741 ||| FLEEEEING.
  4742 | D:6      | 4742 ||| FLEEEEING.
  4743 | D:6      | 4743 ||| FLEEEEING.
  4753 | D:6      | Killed a troll
  4754 | D:6      | Reached skill level 6 in Shields
  4847 | D:6      | Identified the +7 quarterstaff of Yeast {elec, Fragile
                  | rPois rCorr Dex+4}
  4995 | D:6      | Found a shadowy altar of Dithmenos.
  5001 | D:6      | Reached skill level 1 in Throwing
  5020 | D:6      | Found a hide-covered altar of Uskayaw.
  5030 | D:6      | Reached XP level 9. HP: 54/54 MP: 9/9
  5078 | D:6      | 5078 ||| Stepping ~*~*~tactically~*~*~ (hiding).
  5100 | D:6      | Reached skill level 8 in Axes
  5169 | D:6      | Found a staircase to the Ecumenical Temple.
  5170 | D:6      | 5170 ||| PLANNING TEMPLE
  5184 | D:6      | 5184 ||| DROPPING +6 ring of intelligence.
  5185 | D:6      | 5185 ||| READING scroll labelled PUVVIN YSAE.
  5186 | D:6      | 5186 ||| READING scroll labelled ULENATRE ZOIHAPP.
  5187 | D:6      | 5187 ||| DRINKING 3 coppery potions.
  5209 | Temple   | Entered the Ecumenical Temple
  5216 | Temple   | 5216 ||| PLANNING OKAWARU WORSHIP
  5244 | Temple   | Became a worshipper of Warmaster Okawaru
  5244 | Temple   | 5244 ||| PLANNING D:1-11
  5245 | Temple   | 5245 ||| REMOVING amulet of guardian spirit.
  5250 | Temple   | 5250 ||| DROPPING amulet of guardian spirit.
  5289 | D:6      | Reached skill level 6 in Fighting
  5544 | D:6      | 5544 ||| READING 2 scrolls of identify.
  5544 | D:6      | 5544 ||| IDENTIFYING bubbling white potion
  5814 | D:7      | 5814 ||| Stepping ~*~*~tactically~*~*~ (stealth).
  5816 | D:7      | 5816 ||| Stepping ~*~*~tactically~*~*~ (hiding).
  5818 | D:7      | 5818 ||| Stepping ~*~*~tactically~*~*~ (hiding).
  5836 | D:7      | 5836 ||| Stepping ~*~*~tactically~*~*~ (stealth).
  5844 | D:7      | 5844 ||| Stepping ~*~*~tactically~*~*~ (hiding).
  5847 | D:7      | 5847 ||| Stepping ~*~*~tactically~*~*~ (hiding).
  5848 | D:7      | 5848 ||| Stepping ~*~*~tactically~*~*~ (hiding).
  5849 | D:7      | 5849 ||| Stepping ~*~*~tactically~*~*~ (hiding).
  5850 | D:7      | 5850 ||| Stepping ~*~*~tactically~*~*~ (hiding).
  5966 | D:7      | Identified the +1 robe "Siehizie" {Int+2 Archmagi}
  6162 | D:7      | Reached skill level 9 in Axes
  6181 | D:7      | 6181 ||| Stepping ~*~*~tactically~*~*~ (hiding).
  6194 | D:7      | Reached * piety under Okawaru
  6195 | D:7      | 6195 ||| INVOKING Heroism.
  6294 | D:7      | 6294 ||| Stepping ~*~*~tactically~*~*~ (stealth).
  6304 | D:7      | Reached XP level 10. HP: 62/63 MP: 10/10
  6384 | D:7      | 6384 ||| READING scroll labelled DAILOA UVIOFF.
  6426 | D:8      | 6426 ||| Stepping ~*~*~tactically~*~*~ (hiding).
  6603 | D:8      | Reached skill level 9 in Shields
  6728 | D:8      | Found a white marble altar of Elyvilon.
  6755 | D:8      | 6755 ||| INVOKING Heroism.
  6783 | D:8      | Noticed Prince Ribbit
  6791 | D:8      | Killed Prince Ribbit
  6801 | D:8      | 6801 ||| Stepping ~*~*~tactically~*~*~ (stealth).
  6803 | D:8      | 6803 ||| Stepping ~*~*~tactically~*~*~ (stealth).
  6815 | D:8      | Reached skill level 1 in Invocations
  6858 | D:8      | Noticed an angel
  6859 | D:8      | Found a glowing silver altar of Zin.
  6860 | D:8      | Found a shimmering altar of Xom.
  6965 | D:8      | Noticed Amaemon
  6965 | D:8      | Noticed an orange demon
  6966 | D:8      | 6966 ||| Stepping ~*~*~tactically~*~*~ (hiding).
  6970 | D:8      | 6970 ||| INVOKING Heroism.
  6980 | D:8      | Killed Amaemon
  6981 | D:8      | Reached skill level 3 in Invocations
  6989 | D:8      | Killed an orange demon
  6989 | D:8      | Reached ** piety under Okawaru
  6990 | D:8      | Reached skill level 10 in Axes
  7030 | D:8      | 7030 ||| DROPPING +0 morningstar.
  7204 | D:8      | 7204 ||| READING scroll labelled MEM CEMITREDIY.
  7249 | D:9      | Reached skill level 6 in Armour
  7259 | D:9      | 7259 ||| Stepping ~*~*~tactically~*~*~ (hiding).
  7260 | D:9      | 7260 ||| Stepping ~*~*~tactically~*~*~ (hiding).
  7263 | D:9      | 7263 ||| Stepping ~*~*~tactically~*~*~ (hiding).
  7279 | D:9      | 7279 ||| INVOKING Heroism.
  7293 | D:9      | 7293 ||| INVOKING Heroism.
  7413 | D:9      | Noticed a skeletal warrior
  7414 | D:9      | 7414 ||| Stepping ~*~*~tactically~*~*~ (hiding).
  7420 | D:9      | 7420 ||| INVOKING Heroism.
  7423 | D:9      | Noticed a two-headed ogre
  7425 | D:9      | 7425 ||| Stepping ~*~*~tactically~*~*~ (hiding).
  7429 | D:9      | Noticed a two-headed ogre
  7433 | D:9      | HP: 10/64 [skeletal warrior/+0 scimitar (20)]
  7434 | D:9      | 7434 ||| READING 6 scrolls of teleportation.
  7435 | D:9      | 7435 ||| DRINKING potion of heal wounds.
  7436 | D:9      | Found a stormy altar of Qazlal.
  7436 | D:9      | Noticed Joseph
  7436 | D:9      | Shot with a sling bullet by Joseph

Levels and vault maps discovered:
D:1:      sevenhm_arrival_forest_fort_small_4, layout_basic,
          hellmonk_ecumenical_altar_inner_sanctum
D:2:      layout_rooms, chequers_avenue
D:3:      layout_rooms, minmay_fountain_box, minmay_quantized
D:4:      layout_basic, kiku_gazebo_garden_becter, general_overflow_altar,
          uniq_blork_the_orc
D:5:      layout_basic, kennysheep_mini_moat
D:6:      minmay_general_purpose_star, layout_basic, grunt_dithmenos_shadows,
          nicolae_uskayaw_dance_studio, minmay_temple_entry_water_ring
D:7:      layout_loops_ring, dk_vineyard_1
D:8:      layout_basic, grunt_temple_overflow_order_and_chaos_1,
          mainiacjoe_overflow_alcove_2, uniq_prince_ribbit1, uniq_amaemon
D:9:      layout_basic, nicolae_qazlal_general_emergency, ashenzari_altar_1,
          overflow_temple_1_default, orc_0_dummy, serial_undead,
          serial_undead_a, serial_undead_b, serial_undead_e, serial_undead_f,
          amcnicky_mini_pool_medium, uniq_joseph
Temple:   corrupted_temple

Skill      XL: |  1  2  3  4  5  6  7  8  9 10 |
---------------+-------------------------------+-----
Axes           | 2 3 4 5 6 7 9 10 | 10.1
Fighting       | 4 5 7 8 |  8.0
Armour         | 4 5 6 |  6.2
Dodging        | 1 |  1.0
Shields        | 7 8 9 |  9.0
Throwing       | 1 |  1.7
Invocations    | 4 |  4.1

Action                     |  1- 3 |  4- 6 |  7- 9 | 10-12 || total
---------------------------+-------+-------+-------+-------++-------
  Melee: War axe           |    81 |   170 |   259 |   123 ||   633
  Throw: Boomerang         |       |    27 |    63 |    11 ||   101
 Invoke: Heroism           |       |       |     1 |     5 ||     6
    Use: Scroll            |     5 |     6 |     7 |     3 ||    21
         Potion            |       |     2 |     2 |     1 ||     5
 Armour: Scale mail        |    33 |       |       |       ||    33
         Plate armour      |       |    95 |   160 |   132 ||   387
         Skin              |       |       |     3 |       ||     3
  Dodge: Dodged            |    46 |   106 |   149 |   104 ||   405
  Block: Buckler           |     8 |    32 |    18 |       ||    58
         Kite shield       |       |       |    86 |   113 ||   199

Table legend:
 A = Non-vault XP
 B = Vault XP
 C = Vault XP percentage of total XP
 D = Non-vault monster count
 E = Vault monster count
 F = Vault count percentage of total count
                 A         B        C        D         E       F
            +---------+---------+-------+---------+---------+-------
      Total |    6078 |    2976 |  32.9 |     175 |      27 |  13.4
            +---------+---------+-------+---------+---------+-------
        D:1 |      11 |       0 |   0.0 |       7 |       0 |   0.0
        D:2 |      72 |       0 |   0.0 |      19 |       0 |   0.0
        D:3 |      96 |      34 |  26.2 |      15 |       5 |  25.0
        D:4 |     290 |      99 |  25.4 |      27 |       1 |   3.6
        D:5 |     743 |       0 |   0.0 |      18 |       0 |   0.0
        D:6 |    1663 |     441 |  21.0 |      23 |       9 |  28.1
        D:7 |    1203 |       0 |   0.0 |      31 |       0 |   0.0
        D:8 |    1454 |    1439 |  49.7 |      22 |       3 |  12.0
        D:9 |     546 |     963 |  63.8 |      13 |       9 |  40.9
            +---------+---------+-------+---------+---------+-------
